 Dungeon Crawl Stone Soup version 0.30-a0-743-gbfdf073431 (webtiles) character file.

Game seed: 3682411360397136082

38 iguanaiguana the Sneak (level 3, -2/19 HPs)
             Began as a Tengu Fire Elementalist on Feb 7, 2023.
             Slain by Natasha (4 damage)
             ... on level 2 of the Dungeon.
             The game lasted 00:06:52 (1692 turns).

iguanaiguana the Sneak (Tengu Fire Elementalist)    Turns: 1692, Time: 00:06:52

Health: -2/19      AC:  2    Str:  8    XL:     3   Next: 43%
Magic:  1/7        EV: 12    Int: 17    God:
Gold:   72         SH:  0    Dex: 14    Spells: 0/6 levels left

rFire   . . .      SeeInvis .    f - +4 hand axe (heavy)
rCold   . . .      Faith    .    (no shield)
rNeg    . . .      Spirit   .    a - +0 robe
rPois   .          Reflect  .    (helmet restricted)
rElec   .          Harm     .    (no cloak)
rCorr   .          Rampage  .    (no gloves)
Will    .....                    (boots unavailable)
Stlth   +++                      (no amulet)
HPRegen 0.23/turn                (no ring)
MPRegen 0.10/turn                (no ring)

@: no status effects
A: beak, talons 3
a: no special abilities


You were on level 2 of the Dungeon.
You visited 1 branch of the dungeon, and saw 2 of its levels.

You collected 72 gold pieces.

Inventory:

Hand Weapons
 f - a +4 heavy hand axe (weapon)
Armour
 a - a +0 robe (worn)
Scrolls
 c - a scroll of identify {unknown}
 d - a scroll of enchant armour {unknown}
 e - a scroll of teleportation {@r3}
 i - a scroll of brand weapon {unknown}
 j - a scroll of immolation {unknown}
Potions
 b - a potion of magic
 g - a potion of lignification {unknown}
 h - a potion of curing {unknown}
 k - a potion of mutation {unknown}


   Skills:
 - Level 2.1 Dodging
 - Level 4.0 Stealth
 - Level 2.0 Spellcasting
 + Level 1.5 Conjurations
 - Level 3.2 Fire Magic


You couldn't memorise any spells.
You knew the following spells:

 Your Spells              Type           Power      Damage    Failure   Level
a - Foxfire               Conj/Fire      36%        2x1d5     7%          1
b - Scorch                Fire           24%        2d6       8%          2
c - Inner Flame           Hex/Fire       7%         N/A       30%         3

Your spell library contained the following spells:

 Spells                   Type           Power      Damage    Failure   Level
 Kindle Blastsparks       Fire/Tloc/Air  10%        2d10      36%         3
 Flame Wave               Conj/Fire      9%         2d6       56%         4


Dungeon Overview and Level Annotations

Branches:
Dungeon (2/15) Zot: 10306

Altars:

Annotations:
D:2 Natasha


Innate Abilities, Weirdness & Mutations

You have a beak for a mouth.
You have claws for feet.


Message History

Casting: Foxfire (safe; 8% risk of failure)
Confirm with . or Enter, or press ? or * to list all spells.
You conjure some foxfire!
The hobgoblin shouts!
Casting: Foxfire (safe; 8% risk of failure)
Confirm with . or Enter, or press ? or * to list all spells.
You conjure some foxfire!
The foxfire hits the hobgoblin.
You kill the hobgoblin!
Training target 4.0 for Stealth reached!
Your Stealth skill increases to level 4!
You need to enable at least one skill for training.
Your foxfire dissipates! x2
Your foxfire dissipates!
You now have 72 gold pieces (gained 13).
Found a whip.
Casting: Foxfire (safe; 8% risk of failure)
Confirm with . or Enter, or press ? or * to list all spells.
Okay, then.
Okay, then.
Natasha, Servant of Life and Death comes into view.
Natasha hisses angrily.
You hear an angry hiss. x2
Casting: Foxfire (safe; 8% risk of failure)
Confirm with . or Enter, or press ? or * to list all spells.
Flames lash Natasha.
Natasha is heavily wounded.
Natasha's fire resistance burns away.
Natasha claws you!
A ball python comes into view.
The ball python hisses angrily.
Casting: Scorch (safe; 8% risk of failure)
Confirm with . or Enter, or press ? or * to list all spells.
Flames lash the ball python.
You kill the ball python!
Natasha claws you!
* * * LOW HITPOINT WARNING * * *
Casting: Scorch (safe; 8% risk of failure)
Confirm with . or Enter, or press ? or * to list all spells.
Flames lash Natasha.
Natasha is burned terribly!
Natasha is almost dead.
Natasha claws you.
You die...

### #.# ..# #.# . ..#
#.# .. >.## #.# ...
...### #.# ..##
.....#########.# .(..#
..##.........#.###....)#
'######.........@h.....+
.# #.......#.###.....#
.#####.......#.# ....#
....)+.........# ####
.#####...#######
.#####...# ....##...#
###..##### ##..#


You could see Natasha (combustible).

Vanquished Creatures
  2 dart slugs (D:2)
  2 bats (D:1)
  4 endoplasms (D:1)
  2 hobgoblins
  3 jackals (D:1)
  4 kobolds (D:1)
  3 quokkas (D:1)
  6 ball pythons
  A frilled lizard (D:2)
  2 rats (D:1)
29 creatures vanquished.

Vanquished Creatures (others)
  87 foxfires
87 creatures vanquished.

Grand Total: 116 creatures vanquished

Notes
Turn   | Place    | Note
-------+----------+-------------------------------------------
     0 | D:1      | iguanaiguana the Tengu Fire Elementalist began the quest
                  | for the Orb.
     0 | D:1      | Reached XP level 1. HP: 10/10 MP: 4/4
   304 | D:1      | Reached XP level 2. HP: 15/15 MP: 3/6
   307 | D:1      | Learned a level 2 spell: Scorch
   375 | D:1      | Reached skill level 3 in Stealth
   762 | D:1      | Reached XP level 3. HP: 19/19 MP: 4/7
  1280 | D:1      | Learned a level 3 spell: Inner Flame
  1603 | D:2      | Reached skill level 4 in Stealth
  1689 | D:2      | Noticed Natasha
  1692 | D:2      | Slain by Natasha

Illustrated notes

Levels and vault maps discovered:
D:1:      dpeg_arrival_shelter, layout_basic, hangedman_decor_points,
          palyth_stone_intersect
D:2:      layout_basic, uniq_natasha

Skill      XL: |  1  2  3 |
---------------+----------+-----
Stealth        | 3 4 |  4.0
Dodging        | |  2.1
Spellcasting   | |  2.0
Conjurations   | |  1.5
Fire Magic     | |  3.2

Action                     || total
---------------------------++-------
   Cast: Foxfire           ||    47
         Scorch            ||     6
    Use: Scroll            ||     1
 Armour: Robe              ||     3
  Dodge: Dodged            ||    11

Table legend: (Time is in decaauts)
 A = Elapsed time spent in this place.
 B = Non-inter-level travel time spent in this place.
 C = Inter-level travel time spent in this place.
 D = Time resting spent in this place.
 E = Time spent auto-exploring this place.
 F = Levels seen in this place.
 G = Mean time per level.
                   A        B        C        D        E       F      G
               +--------+--------+--------+--------+--------+-----+--------+
         Total |   1692 |   1631 |     61 |     87 |   1269 |   2 |  846.0 |
       Dungeon |   1692 |   1631 |     61 |     87 |   1269 |   2 |  846.0 |
               +--------+--------+--------+--------+--------+-----+--------+

Top non-repeatable levels by time:
     D:1: 1434 daAuts
     D:2: 258 daAuts
